 Dungeon Crawl Stone Soup version 0.29.1-1-gd02db6906a (webtiles) character file.

Game seed: 4146258074040271716

81 GigaChad the Covered (level 4, -1/40 HPs)
             Began as a Minotaur Fighter on Sept 29, 2022.
             Slain by Sigmund
             ... wielding a +0 scythe
              (6 damage)
             ... on level 2 of the Dungeon.
             The game lasted 00:01:53 (1734 turns).

GigaChad the Covered (Minotaur Fighter)             Turns: 1734, Time: 00:01:53

Health: -1/40      AC:  7    Str: 22    XL:     4   Next: 20%
Magic:  3/3        EV:  6    Int:  5    God:
Gold:   114        SH:  0    Dex: 10    Spells: 3/3 levels left

rFire   . . .      SeeInvis .   a - +0 long sword
rCold   . . .      Faith    .   c - +0 buckler
rNeg    . . .      Spirit   .   b - +0 scale mail
rPois   .          Reflect  .   (helmet restricted)
rElec   .          Harm     .   (no cloak)
rCorr   .          Rampage  .   (no gloves)
Will    .....                   (no boots)
Stlth   ..........              (no amulet)
HPRegen 0.13/turn               (no ring)
MPRegen 0.08/turn               (no ring)

@: confused, constricted
A: horns 2, retaliatory headbutt
a: no special abilities


You were on level 2 of the Dungeon.
You visited 1 branch of the dungeon, and saw 2 of its levels.

You collected 114 gold pieces.

Inventory:

Hand Weapons
 a - a +0 long sword (weapon)
 f - a +1 dagger of draining
Missiles
 g - 4 atropa-tipped darts (quivered)
Armour
 b - a +0 scale mail (worn)
 c - a +0 buckler (worn)
Scrolls
 i - a scroll of identify {unknown}
Potions
 d - a potion of might
 e - a potion of attraction {unknown}
 h - a potion of curing


   Skills:
 + Level 4.2 Fighting
 - Level 4.0 Long Blades
 - Level 4.2 Armour
 - Level 0.5 Dodging
 - Level 4.0 Shields


You had 3 spell levels left.
You didn't know any spells.
Your spell library was empty.

Dungeon Overview and Level Annotations

Branches:
Dungeon (2/15)

Altars:

Annotations:
D:2 Sigmund


Innate Abilities, Weirdness & Mutations

You have a pair of horns on your head.
You reflexively headbutt those who attack you in melee.


Message History

The ball python constricts you. Something hits you!
You miss something. The ball python barely misses you.
The ball python constricts you. Something hits you.
The ball python barely misses you. The ball python constricts you.
You hit something.
The ball python bites you but does no damage.
The ball python constricts you. Something hits you.
You miss something. You headbutt something!
The ball python completely misses you. The ball python constricts you.
The ball python bites you but does no damage.
The ball python constricts you.
You miss something. Your headbutt misses something.
Something hits you but does no damage. The ball python barely misses you.
The ball python constricts you.
You barely miss something. You headbutt something.
The ball python bites you but does no damage.
The ball python constricts you. Something hits you.
The ball python bites you but does no damage.
The ball python constricts you.
You hit something. You headbutt something! The ball python closely misses you.
You furiously retaliate!
You headbutt the ball python. The ball python constricts you.
Something hits you.
* * * LOW HITPOINT WARNING * * *
You miss something. You block the ball python's attack.
The ball python constricts you.
* * * LOW HITPOINT WARNING * * *
You hear some strange, mumbled words.
You are confused.
The ball python barely misses you. The ball python constricts you.
* * * LOW HITPOINT WARNING * * *
You barely miss something. Your headbutt misses something.
The ball python bites you but does no damage.
The ball python constricts you.
* * * LOW HITPOINT WARNING * * *
Something hits you but does no damage.
You barely miss something. The ball python barely misses you.
The ball python constricts you.
* * * LOW HITPOINT WARNING * * *
Something hits you.
You die...

#################
##.#......S........#
..........{@<......#
.#.......#.#########.#
#.....#.#...........#
#$....#.#......######
.............##.#
...#+###...#.##.# #..#
#####.##.# ...# ..##.#
+#####.# ####.#


You could see a ball python.

Vanquished Creatures
  3 adders (D:2)
  A gnoll (D:1)
  10 endoplasms
  A giant cockroach (D:1)
  6 hobgoblins
  4 jackals (D:2)
  A kobold (D:1)
  A quokka (D:2)
  2 ball pythons (D:1)
  3 bats (D:1)
  2 frilled lizards
  4 goblins (D:1)
  2 rats (D:1)
  A spectral kobold (D:2)
41 creatures vanquished.

Notes
Turn   | Place    | Note
-------+----------+-------------------------------------------
     0 | D:1      | GigaChad the Minotaur Fighter began the quest for the Orb.
     0 | D:1      | Reached XP level 1. HP: 19/19 MP: 0/0
    37 | D:1      | Reached XP level 2. HP: 5/27 MP: 1/1
   691 | D:1      | Reached XP level 3. HP: 25/33 MP: 2/2
  1012 | D:2      | Found a faded altar of an unknown god.
  1132 | D:2      | Reached XP level 4. HP: 3/40 MP: 3/3
  1707 | D:2      | Noticed Sigmund
  1734 | D:2      | Slain by Sigmund

Illustrated notes

Levels and vault maps discovered:
D:1:      sevenhm_arrival_forest_fort_small_3, layout_rooms, feat_on_display
D:2:      layout_basic, dreamdust_ecumenical_altar_drowned_temple, uniq_sigmund

Skill      XL: |  1  2  3  4 |
---------------+-------------+-----
Armour         | 4 |  4.2
Fighting       | 4 |  4.2
Shields        | 4 |  4.0
Long Blades    | 3 4 |  4.0
Dodging        | |  0.5

Action                   |  1- 3 |  4- 6 || total
-------------------------+-------+-------++-------
Melee: Long sword        |    86 |    20 ||   106
       Headbutt          |    13 |     6 ||    19
Armor: Scale mail        |    54 |    17 ||    71
Dodge: Dodged            |    46 |    14 ||    60
Block: Buckler           |    19 |     4 ||    23
